[Event "November 21 Early 2023"]
[Site "https://www.chess.com"]
[Date "2023.11.21"]
[Round "11"]
[White "alfianasybullina"]
[Black "Novik, Maxim"]
[Result "1/2-1/2"]
[Board "128"]
[TimeControl "180+1"]
[BlackFideId "4102924"]
[WhiteElo "2321"]
[BlackElo "2306"]
[BlackTeam "LTU"]
[WhiteClock "0:00:42"]
[BlackClock "0:00:41"]

1. d4 Nf6 2. Nf3 g6 3. Nc3 d5 4. Bf4 Bg7 5. e3 O-O 6. h3 c5 7. Bd3 cxd4 8. exd4 Nc6 9. O-O Nb4 10. Be2 Bf5 11. Rc1 Ne4 12. a3 Nxc3 13. bxc3 Na2 14. Ra1 Nxc3 15. Qd2 Nxe2+ 16. Qxe2 Rc8 17. Rfc1 Be4 18. Be5 Bxf3 19. Qxf3 Bxe5 20. dxe5 Rc4 21. Qb3 Qc7 22. Rab1 b6 23. e6 fxe6 24. Re1 Rf6 25. Re2 Rc3 26. Qb2 Qc5 27. Rbe1 Rxa3 28. Qe5 Kf7 29. Qb8 Kg7 30. Rxe6 Qxf2+ 31. Kh2 Qf4+ 32. Qxf4 Rxf4 33. Rxe7+ Rf7 34. R7e5 Rc3 35. R1e2 Rc5 36. Re8 h5 37. Ra8 Rfc7 38. Rd2 a5 39. Rb8 b5 40. Rf2 b4 41. Rff8 Rxc2 42. Rg8+ Kf6 43. Rgf8+ Rf7 44. Rb6+ Kg7 45. Ra8 Rc5 46. Raa6 d4 47. Rxg6+ Kf8 48. Ra8+ Ke7 49. Ra7+ Kf8 50. Ra8+ Ke7 51. Ra7+ Kf8 52. Ra8+ 1/2-1/2

[Event "November 21 Early 2023"]
[Site "https://www.chess.com"]
[Date "2023.11.21"]
[Round "11"]
[White "Toktomushev, Teimur"]
[Black "Rose, Felix"]
[Result "1-0"]
[Board "129"]
[TimeControl "180+1"]
[WhiteFideId "14176726"]
[BlackFideId "5105722"]
[WhiteElo "2198"]
[BlackElo "2039"]
[WhiteTeam "UKR"]
[BlackTeam "MEX"]
[WhiteClock "0:00:12"]
[BlackClock "0:00:39"]

1. d4 d5 2. c4 e6 3. Nc3 Nf6 4. cxd5 exd5 5. Bg5 c6 6. e3 Be7 7. Bd3 Nbd7 8. Qc2 h6 9. Bh4 Nh5 10. Bxe7 Qxe7 11. Nge2 Nb6 12. O-O O-O 13. Rae1 Bd7 14. Nc1 Qg5 15. f3 Rae8 16. Qf2 Nf6 17. Nb3 Bf5 18. e4 dxe4 19. fxe4 Be6 20. Nc5 Ng4 21. Qg3 Bc8 22. e5 h5 23. N3e4 Qd8 24. Nd6 Re7 25. h3 Nh6 26. Rf6 h4 27. Qg5 Rd7 28. Nxd7 Nxd7 29. Nxc8 Nxf6 30. exf6 Qxd4+ 31. Kh1 Qxf6 32. Qxf6 gxf6 33. Ne7+ Kg7 34. Nf5+ Nxf5 35. Bxf5 Rd8 36. Re7 Rd5 37. Bc8 b6 38. Rxa7 Rd1+ 39. Kh2 Rd2 40. b3 f5 41. Bxf5 Kf6 42. Bg4 Ke5 43. Bf3 c5 44. Rxf7 Rxa2 45. Rb7 Ra6 46. Rh7 b5 47. Rxh4 Ra3 48. Rh5+ Kd4 49. Rd5+ Kc3 50. Rxc5+ Kb4 51. Rh5 Rxb3 52. Be2 Ka4 53. Rxb5 Rxb5 54. Bxb5+ Kxb5 55. g4 Kb6 56. Kg3 Kc7 57. Kf4 Kd7 58. Kf5 Ke7 59. Kg6 Kf8 60. h4 Kg8 61. h5 Kh8 62. g5 Kg8 63. Kf6 Kh8 64. Kf7 Kh7 65. g6+ Kh8 66. g7+ Kh7 67. g8=Q+ Kh6 68. Qg6# 1-0

[Event "November 21 Early 2023"]
[Site "https://www.chess.com"]
[Date "2023.11.21"]
[Round "11"]
[White "HeroWilczek"]
[Black "Martin, Lewis"]
[Result "1-0"]
[Board "130"]
[TimeControl "180+1"]
[BlackFideId "410551"]
[WhiteElo "2442"]
[BlackElo "2145"]
[BlackTeam "ENG"]
[WhiteClock "0:00:54"]
[BlackClock "0:00:51"]

1. e4 c6 2. g3 d5 3. exd5 cxd5 4. Bg2 Nf6 5. Ne2 Nc6 6. O-O Bg4 7. h3 Bh5 8. c3 Bg6 9. d4 e6 10. Bf4 Bd6 11. Nd2 O-O 12. Re1 Rc8 13. Qb3 Bxf4 14. Nxf4 Na5 15. Qa4 b6 16. h4 Nh5 17. Nxg6 hxg6 18. Nf3 Nf6 19. Ne5 Nd7 20. Bf1 Nxe5 21. Rxe5 Qc7 22. Rae1 Rfe8 23. Qd1 Nc4 24. Bxc4 Qxc4 25. h5 Qxa2 26. hxg6 Qxb2 27. gxf7+ Kxf7 28. Qh5+ Kf6 29. R1e3 Qb1+ 30. Kg2 g6 31. Qh7 1-0

[Event "November 21 Early 2023"]
[Site "https://www.chess.com"]
[Date "2023.11.21"]
[Round "11"]
[White "LLariMarc"]
[Black "Rosenberg, Evan S"]
[Result "1/2-1/2"]
[Board "131"]
[TimeControl "180+1"]
[BlackFideId "2019299"]
[WhiteElo "2280"]
[BlackElo "2419"]
[BlackTeam "USA"]
[WhiteClock "0:01:00"]
[BlackClock "0:00:06"]

1. d4 g6 2. Nf3 Bg7 3. c4 c5 4. Nc3 cxd4 5. Nxd4 Nc6 6. Nb3 Nf6 7. g3 O-O 8. Bg2 d6 9. O-O a6 10. a3 Qc7 11. Qc2 Ne5 12. Nd5 Nxd5 13. Bxd5 e6 14. Bg2 Qxc4 15. Qxc4 Nxc4 16. Rb1 d5 17. e4 dxe4 18. Bxe4 Rb8 19. Rd1 b6 20. Bf4 e5 21. Bg5 Bb7 22. Bxb7 Rxb7 23. Nd2 Nxd2 24. Rxd2 f6 25. Be3 Rc8 26. Rbd1 Bf8 27. Rd7 Rxd7 28. Rxd7 Rc2 29. Ra7 Bc5 30. Bxc5 bxc5 31. Rxa6 Kg7 32. b4 cxb4 33. axb4 Rb2 34. Rb6 e4 35. b5 f5 36. h4 Kh6 37. Rb7 Kh5 38. Rxh7+ Kg4 39. Rg7 Kf3 40. Rxg6 Rb1+ 41. Kh2 Rxb5 42. h5 f4 43. gxf4 Rxh5+ 44. Kg1 Kxf4 45. Kf1 Ra5 46. Rg8 Ra1+ 47. Kg2 Ra2 48. Rf8+ Kg4 49. Kf1 Kg5 50. Ke1 Kg4 51. Rf6 Kg5 52. Rf8 Kg4 53. Kf1 Kg5 54. Kg1 Kg4 55. Kg2 e3 56. Kf1 exf2 57. Kg2 f1=Q+ 58. Kxf1 Ra4 59. Rg8+ Kf5 60. Kf2 Rf4+ 61. Ke3 Re4+ 62. Kd3 Re7 63. Rf8+ Ke6 64. Ke4 Rd7 65. Re8+ Kf7 66. Rh8 Re7+ 67. Kf5 Kg7 68. Rh1 Ra7 69. Rg1+ Kf7 70. Rh1 Ra5+ 71. Ke4 Kg6 72. Rg1+ Kf6 73. Rf1+ Ke6 74. Rh1 Ra4+ 75. Kd3 Kd5 76. Rh5+ Kd6 77. Rh6+ Kd5 78. Rh8 Ra3+ 79. Kc2 Rg3 80. Rd8+ Kc4 81. Re8 Rg2+ 82. Kd1 Kd3 83. Ke1 Kc3 84. Rd8 Ra2 85. Kf1 Rd2 86. Re8 Kd3 87. Ke1 Rh2 88. Kf1 Ra2 89. Re1 Rb2 90. Kg1 Re2 91. Rf1 Ke3 92. Rf8 Ra2 93. Re8+ Kd3 94. Rd8+ Ke3 95. Rc8 Kf3 96. Rc3+ Kg4 97. Kf1 Rb2 98. Ke1 Ra2 99. Kd1 Kf4 100. Kc1 Ke4 101. Kb1 Re2 102. Rh3 Kf4 103. Rh4+ Kg3 104. Rh8 Kf2 105. Rg8 Ke3 106. Re8+ Kd3 107. Rf8 Kc3 108. Rf3+ 1/2-1/2

[Event "November 21 Early 2023"]
[Site "https://www.chess.com"]
[Date "2023.11.21"]
[Round "11"]
[White "Haitin, Ilja"]
[Black "IsaqueGoncalvesSanto"]
[Result "1-0"]
[Board "133"]
[TimeControl "180+1"]
[WhiteFideId "4501764"]
[WhiteElo "2221"]
[BlackElo "1957"]
[WhiteTeam "EST"]
[WhiteClock "0:01:57"]
[BlackClock "0:00:00"]

1. Nf3 e6 2. g3 d5 3. Bg2 Nf6 4. b3 Ke7 5. O-O Ke8 6. c4 c6 7. Bb2 Be7 8. d3 Nbd7 9. Nc3 h5 10. e4 d4 11. Nxd4 h4 12. Nf3 h3 13. Bh1 Nc5 14. Ne1 g5 15. d4 Ncd7 16. e5 Ng8 17. Ne4 1-0

[Event "November 21 Early 2023"]
[Site "https://www.chess.com"]
[Date "2023.11.21"]
[Round "11"]
[White "thisjuan"]
[Black "Osinovsky, Stepan"]
[Result "0-1"]
[Board "134"]
[TimeControl "180+1"]
[BlackFideId "4157354"]
[WhiteElo "2240"]
[BlackElo "2222"]
[BlackTeam "RUS"]
[WhiteClock "0:00:17"]
[BlackClock "0:00:52"]

1. c4 Nf6 2. g3 g6 3. Bg2 Bg7 4. Nf3 O-O 5. O-O d6 6. d4 Nbd7 7. Nc3 e5 8. dxe5 dxe5 9. Bg5 h6 10. Bxf6 Qxf6 11. Qc2 Nc5 12. b4 Ne6 13. Nd5 Qd8 14. e3 c6 15. Nc3 a5 16. Rfd1 Qe7 17. b5 Nc5 18. Na4 Bf5 19. e4 Bxe4 20. Qe2 Bxf3 21. Bxf3 Nxa4 22. bxc6 Nc3 23. Qc2 e4 24. Rd7 Qf6 25. Bg2 bxc6 26. Re1 Rfd8 27. Rxd8+ Rxd8 28. Bxe4 Re8 29. Re3 Nxe4 30. Rxe4 Rxe4 31. Qxe4 Bf8 32. Kg2 Bc5 33. f4 Kg7 34. a4 Qd6 35. Kh3 Qe6+ 36. Qxe6 fxe6 37. Kg4 Kf6 38. Kf3 e5 39. Ke4 exf4 40. gxf4 Ke6 41. h3 Kf6 42. h4 Ke6 43. Kf3 Kf5 44. Kg3 Bd6 45. Kf3 Bxf4 46. h5 0-1

[Event "November 21 Early 2023"]
[Site "https://www.chess.com"]
[Date "2023.11.21"]
[Round "11"]
[White "pinguino120"]
[Black "Marin Pincheira, Carlos"]
[Result "1-0"]
[Board "135"]
[TimeControl "180+1"]
[BlackFideId "3407543"]
[WhiteElo "2238"]
[BlackElo "2080"]
[BlackTeam "CHI"]
[WhiteClock "0:00:38"]
[BlackClock "0:00:00"]

1. d4 d5 2. c4 e6 3. Nf3 Be7 4. g3 Nf6 5. Bg2 O-O 6. O-O dxc4 7. Qa4 a6 8. Qxc4 b5 9. Qc2 Bb7 10. Bf4 Nd5 11. Nbd2 Nxf4 12. gxf4 Nd7 13. e3 c5 14. Rad1 cxd4 15. Nxd4 Bxg2 16. Kxg2 Rc8 17. Qb1 Nc5 18. N2f3 Qd5 19. Nxb5 Qh5 20. Nbd4 Rfd8 21. Ne5 Rd5 22. b4 Nd7 23. Nxd7 Rxd7 24. Qe4 Bxb4 25. Rc1 Rxc1 26. Rxc1 Qd5 27. Rc8+ Bf8 28. Qxd5 Rxd5 29. Nc6 Rd7 30. Ra8 g6 31. Rxa6 Kg7 32. Ne5 Rb7 33. Ra8 Bd6 34. Nf3 h6 35. Nd4 Bc5 36. Nb3 Bd6 37. Kf3 Be7 38. Nd4 Bf6 39. Ke4 Rb4 40. a4 Bxd4 41. exd4 Kf6 42. a5 Ra4 43. a6 h5 44. Kd3 Kf5 45. Kc3 Ke4 46. Kb3 Ra5 47. Kb4 Ra1 48. Kb5 Kxd4 49. Kb6 Ke4 50. Rf8 f5 51. a7 Rb1+ 52. Kc6 Ra1 53. a8=Q Rxa8 54. Rxa8 Kxf4 55. Kd6 e5 56. Ra2 e4 57. Ke6 g5 58. Ra5 Kg4 59. Rxf5 1-0

[Event "November 21 Early 2023"]
[Site "https://www.chess.com"]
[Date "2023.11.21"]
[Round "11"]
[White "Cueto, Jonny"]
[Black "Mikhailova, Irina"]
[Result "0-1"]
[Board "136"]
[TimeControl "180+1"]
[WhiteFideId "3300145"]
[BlackFideId "4109040"]
[WhiteElo "2155"]
[BlackElo "2009"]
[WhiteTeam "BOL"]
[BlackTeam "RUS"]
[WhiteClock "0:00:00"]
[BlackClock "0:00:10"]

1. d4 Nf6 2. Bf4 g6 3. Nc3 Bg7 4. e4 d6 5. Qd2 Nc6 6. f3 e5 7. dxe5 Nxe5 8. O-O-O Qe7 9. h4 Be6 10. Kb1 O-O-O 11. Nb5 a6 12. Nd4 Nfd7 13. Qa5 Kb8 14. Bxa6 bxa6 15. Qxa6 Nc5 16. Qa5 Kc8 17. Nb5 Nc6 18. Qa3 Bc4 19. Nc3 Qf6 20. Bd2 Kd7 21. Bg5 Qe6 22. Qxc5 f6 23. Bf4 Ke7 24. Qe3 Ne5 25. Bxe5 fxe5 26. Nh3 Bf6 27. Ng5 Bxg5 28. Qxg5+ Kf7 29. Nd5 Bxd5 30. Rxd5 c6 31. Rd2 Rd7 32. h5 Qf6 33. hxg6+ Qxg6 34. Qxg6+ Kxg6 35. a4 h5 36. b3 d5 37. g3 d4 38. Kb2 c5 39. a5 Rf7 40. Rd3 Rhf8 41. Rf1 Ra7 42. Ra1 Rfa8 43. Rdd1 Rxa5 44. Rxa5 Rxa5 0-1

[Event "November 21 Early 2023"]
[Site "https://www.chess.com"]
[Date "2023.11.21"]
[Round "11"]
[White "Der_Balak_3Halak"]
[Black "EdmundPlayer"]
[Result "1-0"]
[Board "138"]
[TimeControl "180+1"]
[WhiteElo "2303"]
[BlackElo "2227"]
[WhiteClock "0:00:15"]
[BlackClock "0:00:00"]

1. e4 Nf6 2. Nc3 e5 3. f4 d5 4. exd5 Nxd5 5. Nxd5 Qxd5 6. Nf3 Bg4 7. fxe5 Bc5 8. c3 Bxf3 9. Qxf3 Qxe5+ 10. Be2 Nc6 11. d4 Bxd4 12. Bf4 Qa5 13. b4 Nxb4 14. Qe4+ Kf8 15. Bd2 Re8 16. Qb1 Qa6 17. Qxb4+ c5 18. O-O-O 1-0

[Event "November 21 Early 2023"]
[Site "https://www.chess.com"]
[Date "2023.11.21"]
[Round "11"]
[White "Osmonbekov, Talaibek"]
[Black "Pumpkin_in_moonlight"]
[Result "1-0"]
[Board "139"]
[TimeControl "180+1"]
[WhiteFideId "2017253"]
[WhiteElo "2135"]
[BlackElo "2294"]
[WhiteTeam "USA"]
[WhiteClock "0:00:13"]
[BlackClock "0:00:06"]

1. d4 Nf6 2. Nc3 d5 3. Bf4 a6 4. e3 Bf5 5. Nf3 e6 6. Ne5 h6 7. g4 Bh7 8. h4 Nbd7 9. Bd3 Ne4 10. Nxe4 dxe4 11. Bc4 Bd6 12. g5 Bf5 13. gxh6 gxh6 14. Qh5 Nxe5 15. dxe5 Bb4+ 16. c3 Be7 17. Rd1 Qc8 18. Rg1 b5 19. Rg7 Rf8 20. Bb3 c5 21. Bxh6 c4 22. Bc2 Ra7 23. Bg5 a5 24. Bxe7 Rxe7 25. Qg5 b4 26. Ba4+ Rd7 27. h5 bxc3 28. bxc3 Rh8 29. h6 Kf8 30. Bxd7 1-0

[Event "November 21 Early 2023"]
[Site "https://www.chess.com"]
[Date "2023.11.21"]
[Round "11"]
[White "Witty_Alien"]
[Black "Ghosh, Chanchal Kumer"]
[Result "0-1"]
[Board "140"]
[TimeControl "180+1"]
[BlackFideId "10201858"]
[WhiteElo "2280"]
[BlackElo "2067"]
[BlackTeam "BAN"]
[WhiteClock "0:00:03"]
[BlackClock "0:00:16"]

1. e4 c5 2. Nf3 d6 3. d4 cxd4 4. c3 Nf6 5. Bd3 dxc3 6. Nxc3 a6 7. O-O Nc6 8. Re1 e5 9. Bc4 Bg4 10. h3 Bh5 11. Bg5 Be7 12. Bxf6 Bxf6 13. g4 Bg6 14. Nd5 O-O 15. a4 Rc8 16. Ba2 Re8 17. Kg2 h5 18. Kg3 hxg4 19. hxg4 Nd4 20. Nxd4 exd4 21. f3 Bh4+ 22. Kg2 Bxe1 23. Qxe1 Rc2+ 24. Kh3 Qg5 25. Qg1 Bxe4 26. fxe4 Rxe4 27. Rf1 Rxb2 28. Rxf7 Rxa2 29. Qf1 Qh6+ 30. Kg3 Qh2+ 31. Kf3 Kxf7 32. Kxe4+ Ke8 33. Nc7+ Kd7 34. Qf7+ Kc6 35. Nd5 Re2+ 36. Kxd4 Qf2+ 37. Qxf2 Rxf2 38. Ne7+ Kd7 39. Ng6 Rg2 40. Kd5 Rxg4 41. Nf4 Rxf4 42. a5 Rf1 43. Kd4 Ra1 44. Kc4 Rxa5 45. Kd4 Rc5 0-1

[Event "November 21 Early 2023"]
[Site "https://www.chess.com"]
[Date "2023.11.21"]
[Round "11"]
[White "DonCiao"]
[Black "Minina, Veronika"]
[Result "1-0"]
[Board "141"]
[TimeControl "180+1"]
[BlackFideId "4174780"]
[WhiteElo "2135"]
[BlackElo "1905"]
[BlackTeam "RUS"]
[WhiteClock "0:00:12"]
[BlackClock "0:00:00"]

1. c4 Nf6 2. g3 g6 3. Bg2 Bg7 4. Nc3 O-O 5. e4 d6 6. Nge2 c5 7. O-O Nc6 8. d3 a6 9. h3 Rb8 10. a4 Ne8 11. Be3 Nc7 12. d4 b6 13. e5 cxd4 14. Nxd4 Nxd4 15. Bxd4 dxe5 16. Be3 Ne6 17. Nd5 Nc5 18. b4 Nd7 19. a5 bxa5 20. bxa5 e6 21. Nb6 Nxb6 22. Bxb6 Qe7 23. c5 f5 24. c6 e4 25. Qb3 Kh8 26. Rad1 e5 27. Qc4 Re8 28. c7 Rb7 29. Rd8 Bf6 30. Rfd1 Be6 31. Qc6 Bf7 32. Qxb7 Kg7 33. c8=Q Rxd8 34. Qxd8 Qxb7 35. Qd7 Qb8 36. Rd6 Qf8 37. Qd8 1-0

[Event "November 21 Early 2023"]
[Site "https://www.chess.com"]
[Date "2023.11.21"]
[Round "11"]
[White "Samarth J Rao"]
[Black "Andersson, Bjorn 1971"]
[Result "1-0"]
[Board "142"]
[TimeControl "180+1"]
[WhiteFideId "46652370"]
[BlackFideId "1702114"]
[WhiteElo "1564"]
[BlackElo "2172"]
[WhiteTeam "IND"]
[BlackTeam "SWE"]
[WhiteClock "0:00:07"]
[BlackClock "0:00:28"]

1. e4 c5 2. Nc3 Nc6 3. g3 d6 4. Bg2 Bd7 5. d3 Qc8 6. Be3 g6 7. Qd2 Bg7 8. Nge2 a6 9. Nd5 Rb8 10. c3 b5 11. h4 h6 12. a3 Ne5 13. f4 Ng4 14. Bg1 b4 15. cxb4 cxb4 16. Rc1 Qb7 17. Rc7 Qa8 18. Ra7 Qc6 19. Rxa6 Qc8 20. Ra7 bxa3 21. Nb6 axb2 22. Qd1 Bc3+ 23. Kf1 Rxb6 24. Bxb6 N8f6 25. Nxc3 Qxc3 26. Ra8+ Bc8 27. e5 dxe5 28. fxe5 Nxe5 29. Bd4 Qc1 30. Rxc8+ Qxc8 31. Bxe5 O-O 32. Bxf6 Qf5+ 33. Kg1 Qxf6 34. Kh2 Rb8 35. Qc2 g5 36. hxg5 hxg5 37. Rb1 Rb6 38. Be4 Kg7 39. Kg2 Qd4 40. Qd2 f6 41. Qf2 Qd6 42. Qf5 Kf8 43. Qh7 Ke8 44. Qh8+ Kd7 45. Qh3+ e6 46. Qh7+ Kc8 47. Qh8+ Kc7 48. Qg7+ Qd7 49. Qxf6 Rb3 50. Rxb2 Rxb2+ 51. Qxb2 Qa4 52. Qb7+ Kd6 53. Qb6+ Ke5 54. Qc5+ Kf6 55. Qf8+ Ke5 56. Qg7+ Kd6 57. Qxg5 Qc2+ 58. Kf3 Qd1+ 59. Kg2 Qe2+ 60. Kh3 Qf1+ 61. Bg2 Qe2 62. Qf4+ e5 63. Qe4 Qh5+ 64. Qh4 Qf5+ 65. Qg4 Qxd3 66. Be4 Qe3 67. Qg6+ Kc5 68. Qc6+ Kb4 69. Qd5 Ka3 70. Kg4 Qe2+ 71. Kf5 Qb2 72. Qxe5 Qf2+ 73. Qf4 Qc5+ 74. Qe5 Qf8+ 75. Kg4 Qc8+ 76. Qf5 Qc4 77. Kf3 Kb2 78. Kf4 Qd4 79. Kg4 Qf2 80. Qf4 Qxf4+ 81. Kxf4 Kc3 82. Ke5 Kc4 83. g4 Kc5 84. Kf6 Kb6 85. Kf7 Kc7 86. g5 Kd8 87. g6 Kd7 88. g7 Kd6 89. g8=Q Ke5 90. Qe8+ Kf4 91. Bc6 Kf5 92. Qe6+ Kg5 93. Qe5+ Kg4 94. Qe4+ Kg3 95. Be8 Kh2 96. Kg6 Kg3 97. Qe5+ Kg4 98. Qe2+ Kf4 99. Qd3 Ke5 100. Qf5+ Kd6 101. Qe4 Kc7 102. Kf6 Kd8 103. Ke6 Kc7 104. Qc6+ Kb8 105. Qb6+ Kc8 106. Bd7# 1-0

[Event "November 21 Early 2023"]
[Site "https://www.chess.com"]
[Date "2023.11.21"]
[Round "11"]
[White "Vlasova, Nataliya"]
[Black "Skiadopoulos, Nikolaos"]
[Result "1-0"]
[Board "143"]
[TimeControl "180+1"]
[WhiteFideId "4122682"]
[BlackFideId "4200772"]
[WhiteElo "1939"]
[BlackElo "2022"]
[WhiteTeam "RUS"]
[BlackTeam "GRE"]
[WhiteClock "0:00:20"]
[BlackClock "0:00:00"]

1. e4 c5 2. f4 d5 3. exd5 Nf6 4. Bb5+ Bd7 5. Bxd7+ Qxd7 6. c4 e6 7. Qe2 Bd6 8. dxe6 fxe6 9. d3 Nc6 10. Nf3 O-O 11. O-O Rad8 12. Nc3 a6 13. Ng5 Nd4 14. Qd1 h6 15. Nge4 Nxe4 16. dxe4 b5 17. cxb5 axb5 18. Be3 Bc7 19. Kh1 b4 20. Ne2 Qc6 21. Bxd4 Qxe4 22. Rc1 Bxf4 23. Rxc5 e5 24. Qb3+ Kh7 25. Nxf4 Rxd4 26. Qe6 Rxf4 27. Rg1 Rd2 28. Qxe5 Qxe5 29. Rxe5 Rxb2 30. Ra5 Rff2 31. h3 Rxa2 32. Rb5 Rfb2 33. Kh2 b3 34. Kg3 Ra3 35. Kf3 1-0

[Event "November 21 Early 2023"]
[Site "https://www.chess.com"]
[Date "2023.11.21"]
[Round "11"]
[White "Pasmendjambvirgulptipon98"]
[Black "SeLaPegoACualquiera"]
[Result "0-1"]
[Board "144"]
[TimeControl "180+1"]
[WhiteElo "2203"]
[BlackElo "2161"]
[WhiteClock "0:00:00"]
[BlackClock "0:01:00"]

1. d4 Nf6 2. Nf3 c5 3. c3 cxd4 4. cxd4 d5 5. Nc3 Nc6 6. Bf4 Bg4 7. Ne5 Nxe5 8. Bxe5 e6 9. f3 Bh5 10. e3 a6 11. Bd3 Be7 12. O-O O-O 13. Rc1 b5 14. Qc2 Rc8 15. a3 Bg6 16. e4 Nd7 17. Bg3 Nb6 18. Qf2 Nc4 19. Bxc4 Rxc4 20. Rfe1 Bf6 21. e5 Be7 22. Ne2 Bd3 23. Nf4 Bg6 24. h4 Qc7 25. Rxc4 Qxc4 26. h5 Bf5 27. Qd2 Rc8 28. Bf2 Bg5 29. g4 Qc2 30. Qxc2 Rxc2 31. gxf5 Bxf4 32. fxe6 fxe6 33. b4 Rc3 34. Kg2 Rxa3 35. Rc1 Bxc1 0-1

[Event "November 21 Early 2023"]
[Site "https://www.chess.com"]
[Date "2023.11.21"]
[Round "11"]
[White "Zoete, Roelant"]
[Black "Dilmukhametov, Artur"]
[Result "0-1"]
[Board "145"]
[TimeControl "180+1"]
[WhiteFideId "40103269"]
[BlackFideId "24179922"]
[WhiteElo "2213"]
[BlackElo "2176"]
[WhiteTeam "NED"]
[BlackTeam "RUS"]
[WhiteClock "0:00:28"]
[BlackClock "0:00:18"]

1. e4 c6 2. d4 d5 3. exd5 cxd5 4. Bd3 Nc6 5. c3 Nf6 6. Bf4 Bg4 7. Qb3 Qc8 8. h3 Bh5 9. Nd2 e6 10. Ngf3 Bg6 11. Bxg6 hxg6 12. O-O Be7 13. Ne5 Nh5 14. Bh2 O-O 15. Ndf3 a6 16. a4 Na5 17. Qc2 Nc4 18. b3 Nd6 19. Rac1 b5 20. Rfe1 Nf6 21. Qb2 Nfe4 22. Nd2 Nxd2 23. Qxd2 Ne4 24. Qe3 Bg5 25. f4 Bh4 26. g3 Be7 27. c4 bxc4 28. bxc4 Qb7 29. cxd5 exd5 30. Rb1 Qc7 31. Rec1 Qa5 32. Ra1 Rac8 33. Rxc8 Rxc8 34. Qd3 Rc3 35. Qe2 Nxg3 36. Bxg3 Rxg3+ 37. Kf2 Rxh3 38. Nc6 Rh2+ 39. Kf3 Qc3+ 40. Qe3 Rh3+ 41. Kg4 Qxe3 42. Nxe7+ Qxe7 43. Kxh3 Qe3+ 44. Kg4 Qxd4 45. Re1 Qxa4 46. Re8+ Qxe8 47. Kg5 Qe7+ 48. Kg4 Qe6+ 49. Kg5 Qf5+ 50. Kh4 Qxf4+ 51. Kh3 Qg5 52. Kh2 f6 53. Kh3 Kf7 54. Kh2 Ke6 55. Kh3 Ke5 56. Kh2 Ke4 57. Kh3 Kf3 58. Kh2 Qg2# 0-1

[Event "November 21 Early 2023"]
[Site "https://www.chess.com"]
[Date "2023.11.21"]
[Round "11"]
[White "Pak, Yevgeniy"]
[Black "GMT4114"]
[Result "1-0"]
[Board "146"]
[TimeControl "180+1"]
[WhiteFideId "14201712"]
[WhiteElo "2320"]
[BlackElo "1962"]
[WhiteTeam "KAZ"]
[WhiteClock "0:01:13"]
[BlackClock "0:00:13"]

1. e4 e6 2. d4 d5 3. Nc3 Bb4 4. exd5 exd5 5. Bd3 Nf6 6. Nf3 O-O 7. O-O Bg4 8. h3 Bh5 9. a3 Be7 10. Re1 c6 11. g4 Bg6 12. Bxg6 hxg6 13. Ne5 Nbd7 14. f4 Re8 15. Qf3 Qb6 16. Qd3 Rad8 17. Be3 Nf8 18. Kh1 Ne6 19. f5 gxf5 20. gxf5 Nf8 21. Rg1 N8d7 22. Bh6 Bf8 23. Qg3 Nh5 24. Qg5 Ndf6 25. Ng4 Nxg4 26. Qxg4 g6 27. fxg6 Bxh6 28. gxf7+ Kxf7 29. Qxh5+ Ke7 30. Rae1+ Kd7 31. Qxh6 Kc8 32. Qg6 Rxe1 33. Rxe1 Qxd4 34. Qe6+ Kb8 35. Qe5+ Qxe5 36. Rxe5 Kc7 37. Kh2 Kb6 38. h4 Rg8 39. h5 Rg4 40. Kh3 1-0

[Event "November 21 Early 2023"]
[Site "https://www.chess.com"]
[Date "2023.11.21"]
[Round "11"]
[White "Mangialardo, Tiago Carvalho"]
[Black "Van Osch, Mees"]
[Result "0-1"]
[Board "147"]
[TimeControl "180+1"]
[WhiteFideId "2130718"]
[BlackFideId "1035967"]
[WhiteElo "2140"]
[BlackElo "2324"]
[WhiteTeam "BRA"]
[BlackTeam "NED"]
[WhiteClock "0:00:12"]
[BlackClock "0:00:37"]

1. e4 c6 2. c4 d5 3. exd5 cxd5 4. cxd5 Nf6 5. Bb5+ Bd7 6. Bc4 g6 7. Nf3 Bg7 8. d6 e6 9. O-O O-O 10. d4 Bc6 11. Bf4 Ne4 12. Ne5 Nxd6 13. Nxc6 Nxc6 14. Bd3 Nxd4 15. Nc3 e5 16. Bg3 Rc8 17. Re1 Re8 18. Qa4 a6 19. Rad1 h5 20. f4 Qb6 21. Bf2 exf4 22. Nd5 Qxb2 23. Ne7+ Rxe7 24. Rxe7 Rc1 25. Rd7 b5 26. Rd8+ Kh7 27. Qxa6 Rxd1+ 28. Bf1 Rxf1+ 29. Kxf1 Qe2+ 30. Kg1 Qd1+ 31. Be1 Qxe1# 0-1

[Event "November 21 Early 2023"]
[Site "https://www.chess.com"]
[Date "2023.11.21"]
[Round "11"]
[White "Bazzano, Sebastian"]
[Black "Zepeda Berlanga, Jan Enrique"]
[Result "1-0"]
[Board "148"]
[TimeControl "180+1"]
[WhiteFideId "104566"]
[BlackFideId "5132355"]
[WhiteElo "2324"]
[BlackElo "1680"]
[WhiteTeam "ARG"]
[BlackTeam "MEX"]
[WhiteClock "0:01:44"]
[BlackClock "0:00:00"]

1. d4 Nf6 2. Bf4 e6 3. e3 c5 4. c3 Nc6 5. Nd2 Be7 6. Ngf3 b6 7. h3 O-O 8. Bd3 Bb7 9. O-O Rc8 10. Re1 cxd4 11. exd4 d5 12. Ne5 Re8 13. Bb5 a6 14. Nxc6 Bxc6 15. Bxa6 Ra8 16. Bd3 Bd6 17. Be5 Bxe5 18. dxe5 Nd7 19. Qh5 Nf8 20. Nf3 Ra7 21. Nd4 Qc8 22. Re3 Ng6 23. a3 Qc7 24. Rf1 Bb7 25. f4 Ba6 26. Bb5 Bxb5 27. Nxb5 Qc5 28. Nd4 Ne7 29. g4 Qc8 30. f5 g6 31. Qh6 exf5 32. gxf5 Nxf5 33. Nxf5 gxf5 34. Rg3+ 1-0

[Event "November 21 Early 2023"]
[Site "https://www.chess.com"]
[Date "2023.11.21"]
[Round "11"]
[White "Kornyukov, Alexey"]
[Black "bn1462"]
[Result "1/2-1/2"]
[Board "149"]
[TimeControl "180+1"]
[WhiteFideId "4150457"]
[WhiteElo "2352"]
[BlackElo "1859"]
[WhiteTeam "RUS"]
[WhiteClock "0:00:39"]
[BlackClock "0:00:21"]

1. e4 c5 2. Nf3 Nc6 3. c3 e5 4. d4 cxd4 5. cxd4 exd4 6. Nxd4 Nf6 7. Nxc6 dxc6 8. Qxd8+ Kxd8 9. Nc3 Be6 10. Bg5 Kc7 11. Bf4+ Kb6 12. O-O-O Bb4 13. Be3+ Kc7 14. e5 Bxc3 15. bxc3 Nd7 16. f4 Bxa2 17. Rd6 Rad8 18. g4 Nb6 19. Bxb6+ axb6 20. Kb2 Bd5 21. Rxd8 Rxd8 22. Rg1 Be4 23. Kc1 Ra8 24. Kb2 Bd5 25. c4 Be4 26. Be2 Rd8 27. Kc3 g6 28. h4 Ra8 29. Kb2 Rd8 30. Kc3 Ra8 31. Kb2 Rd8 32. Kc3 1/2-1/2

[Event "November 21 Early 2023"]
[Site "https://www.chess.com"]
[Date "2023.11.21"]
[Round "11"]
[White "Gyulamiryan-koryun"]
[Black "Fernandez Sanchez, Mario Andres"]
[Result "0-1"]
[Board "150"]
[TimeControl "180+1"]
[BlackFideId "6501621"]
[WhiteElo "1911"]
[BlackElo "2050"]
[BlackTeam "CRC"]
[WhiteClock "0:00:25"]
[BlackClock "0:01:21"]

1. e4 c5 2. Nf3 Nc6 3. d4 cxd4 4. Nxd4 g6 5. Nc3 Bg7 6. Be3 Nf6 7. f3 O-O 8. Be2 d5 9. O-O dxe4 10. Nxc6 bxc6 11. fxe4 Be6 12. Qxd8 Rfxd8 13. Rad1 a5 14. Bb6 Rdb8 15. Na4 Nxe4 16. Bf3 f5 17. Rfe1 Bd5 18. c4 Bxc4 19. Bxe4 fxe4 20. Rxe4 Bb5 21. Bc5 Bf6 22. Nb6 Rd8 23. Rxd8+ Rxd8 24. Bxe7 Bxe7 25. Rxe7 Rd1+ 26. Kf2 Rd2+ 27. Kg3 c5 28. Ra7 Bc6 29. Rxa5 Rxb2 30. Nc4 Rxg2+ 31. Kh3 Rg1 32. Rxc5 Bd7+ 33. Kh4 Rg4+ 34. Kh3 Rxc4+ 0-1

[Event "November 21 Early 2023"]
[Site "https://www.chess.com"]
[Date "2023.11.21"]
[Round "11"]
[White "Osiecki, Stanislaw"]
[Black "Narek_Ghimoyan"]
[Result "1-0"]
[Board "151"]
[TimeControl "180+1"]
[WhiteFideId "1102990"]
[WhiteElo "2048"]
[BlackElo "2208"]
[WhiteTeam "POL"]
[WhiteClock "0:02:23"]
[BlackClock "0:02:44"]

1. e4 c5 2. c3 Nf6 3. e5 Nd5 4. d4 cxd4 5. Nf3 Nc6 6. cxd4 d6 7. Bc4 Nb6 8. Bb5 d5 9. Nc3 Bg4 10. h3 Bxf3 11. Qxf3 e6 12. O-O Be7 13. Be3 O-O 14. Bd3 Bg5 15. Qh5 h6 16. f4 g6 1-0